 Dungeon Crawl Stone Soup version 0.23.2 (webtiles) character file.

Game seed: 3255459776739016092

925 GandaPestile the Ruffian (level 7, 0/71 HPs)
             Began as a Troll Berserker on June 27, 2019.
             Slain by a polar bear (14 damage)
             ... created by the rage of Trog
             ... on level 5 of the Dungeon.
             The game lasted 00:19:25 (3080 turns).

GandaPestile the Ruffian (Troll Berserker)          Turns: 3080, Time: 00:19:26

Health: 0/71       AC:  6    Str: 27    XL:     7   Next: 84%
Magic:  6/6        EV: 11    Int:  3    God:
Gold:   300        SH:  0    Dex: 10    Spells: 6/6 levels left

rFire    . . .     SeeInvis .     - Unarmed
rCold    . . .     Gourm    +   (no shield)
rNeg     . . .     Faith    .   a - +0 animal skin
rPois    .         Spirit   .   (helmet restricted)
rElec    .         Reflect  .   (no cloak)
rCorr    +         Harm     .   (gloves unavailable)
MR       .....                  (boots unavailable)
Stlth    +.........             (no amulet)
HPRegen  0.61/turn              c - ring of resist corrosion
MPRegen  0.10/turn              (no ring)

@: very slightly contaminated
A: large, unfitting armour, claws 3, fast metabolism 3, gourmand, regeneration
1, shaggy fur 1, tough skin 3
a: no special abilities


You were on level 5 of the Dungeon.
You were not hungry.

You visited 1 branch of the dungeon, and saw 5 of its levels.

You collected 300 gold pieces.

Inventory:

Armour
 a - a +0 animal skin (worn)
 f - a +0 scale mail
 i - a +0 helmet
Jewellery
 c - a ring of resist corrosion (left claw)
 j - an uncursed amulet of rage
Scrolls
 h - 3 scrolls of enchant weapon
 m - a scroll of remove curse
Potions
 d - a potion of lignification {unknown}
 e - 3 potions of resistance {unknown}
 g - a potion of heal wounds
 l - a potion of ambrosia {unknown}
 n - a potion of curing
Comestibles
 b - 9 rations


   Skills:
 + Level 4.9 Fighting
 + Level 4.9 Dodging
 + Level 6.0 Unarmed Combat


You had 6 spell levels left.
You didn't know any spells.
Your spell library was empty.

Dungeon Overview and Level Annotations

Branches:
Dungeon (5/15)
 Temple: D:4-7

Altars:
Ashenzari
Cheibriados
Dithmenos
Okawaru
Qazlal
Trog
Uskayaw


Innate Abilities, Weirdness & Mutations

You are too large for most types of armour.
You have claws for hands.
Your metabolism is lightning-fast.
You like to eat raw meat.
Your natural rate of healing is unusually fast.
You are covered in fur. (AC +1)
You have extremely tough skin. (AC +3)


Message History

The polar bear is heavily wounded.
The polar bear bites you! The polar bear misses you.
The polar bear claws you but does no damage.
The black bear rages.
The polar bear barely misses you. The polar bear claws you. x2
The polar bear barely misses you.
The polar bear claws you but does no damage.
The polar bear claws you. The black bear bites you. The black bear claws you.
The black bear barely misses you.
As you read the scroll labeled ZEPYMIHUNE, it crumbles to dust.
You feel blessed for a moment.
It was a scroll of remove curse.
The polar bear barely misses you. The polar bear claws you.
* * * LOW HITPOINT WARNING * * *
The polar bear barely misses you. x2
The polar bear claws you but does no damage. x2
The black bear bites you.
* * * LOW HITPOINT WARNING * * *
The black bear completely misses you. The black bear barely misses you.
The polar bear bites you!
You die...

..#...............#
.##..........(....#
.#....###...†.....#
###.###.......######
..###..............#
_.#.......#........#
..###....####......#
###h###..# #......#
l#h.h.#### #...@..#
.# ..... #..hhh.# ..
..... #...h..# ..
#..w. #......# ..
#.... #......#
#....h####......#
#hh.........#
#############


You could see 2 polar bears, a black bear (berserk) and a jackal.

Vanquished Creatures
  Sigmund (D:4)
  An ice beast (D:5)
  A black bear (D:4)
  2 ogres
  2 howler monkeys
  A bullfrog skeleton (D:5)
  2 hounds
  3 worker ants (D:4)
  9 adders
  A worm (D:3)
  3 dart slugs
  6 leopard geckos
  4 orcs
  5 ball pythons
  5 bats
  3 giant cockroaches
  10 goblins
  7 hobgoblins
  12 jackals
  4 quokkas
  6 frilled lizards
  2 kobolds
  A leopard gecko skeleton (D:4)
  6 rats
97 creatures vanquished.

Notes
Turn   | Place    | Note
-------+----------+-------------------------------------------
     0 | D:1      | GandaPestile the Troll Berserker began the quest for the
                  | Orb.
     0 | D:1      | Reached XP level 1. HP: 22/22 MP: 0/0
   308 | D:1      | Reached XP level 2. HP: 29/29 MP: 1/1
   980 | D:2      | Reached XP level 3. HP: 36/36 MP: 2/2
  1296 | D:2      | Reached ** piety under Trog
  1485 | D:2      | Reached XP level 4. HP: 38/45 MP: 3/3
  1493 | D:2      | Found a stormy altar of Qazlal.
  1666 | D:2      | Found a bloodstained altar of Trog.
  1934 | D:3      | Reached skill level 4 in Unarmed Combat
  1934 | D:3      | Reached XP level 5. HP: 49/53 MP: 4/4
  2267 | D:3      | Reached *** piety under Trog
  2534 | D:4      | Reached XP level 6. HP: 59/62 MP: 5/5
  2652 | D:4      | Reached skill level 5 in Unarmed Combat
  2677 | D:4      | Noticed Sigmund
  2690 | D:4      | Killed Sigmund
  2690 | D:4      | Reached XP level 7. HP: 61/71 MP: 6/6
  2772 | D:4      | Found a shadowy altar of Dithmenos.
  2772 | D:4      | Found a snail-covered altar of Cheibriados.
  2846 | D:5      | Entered Level 5 of the Dungeon
  2900 | D:5      | Found a hide-covered altar of Uskayaw.
  2985 | D:5      | Found a shattered altar of Ashenzari.
  2993 | D:5      | Found an iron altar of Okawaru.
  3009 | D:5      | Fell from the grace of Trog
  3041 | D:5      | Reached skill level 6 in Unarmed Combat
  3070 | D:5      | Noticed a polar bear
  3070 | D:5      | Noticed a polar bear
  3080 | D:5      | Slain by a polar bear

Skill      XL: |  1  2  3  4  5  6  7 |
---------------+----------------------+-----
Fighting       | 3 4 |  4.9
Dodging        | 3 4 |  4.9
Unarmed Combat | 4 5 6 |  6.0

Action                   |  1- 3 |  4- 6 |  7- 9 || total
-------------------------+-------+-------+-------++-------
Melee: Unarmed           |   112 |   150 |    33 ||   295
       Punch             |     1 |     1 |     1 ||     3
Invok: Berserk           |       |     1 |       ||     1
       Trog's Hand       |       |       |     1 ||     1
       Renounce Religion |       |       |     1 ||     1
  Use: Scroll            |     2 |     7 |     2 ||    11
       Potion            |       |     4 |       ||     4
 Stab: Sleeping          |     1 |       |       ||     1
  Eat: Chunk             |    10 |    13 |     4 ||    27
Armor: Animal skin       |    41 |    41 |    15 ||    97
Dodge: Dodged            |    64 |    79 |    35 ||   178
